 Dungeon Crawl Stone Soup version 0.32-a0-872-g59262bdc9b (webtiles) character file.

Game seed: 94450299679523591

3070 funkygono the Thaumaturge (level 9, 0/45 HPs)
             Began as a Deep Elf Fire Elementalist on Mar 30, 2024.
             Was a Follower of Sif Muna.
             Slain by a boulder beetle (9 damage)
             ... on level 7 of the Dungeon.
             The game lasted 00:10:19 (7802 turns).

funkygono the Thaumaturge (DEFE)                    Turns: 7802, Time: 00:10:19

Health: 0/45       AC:  7    Str:  5    XL:     9   Next: 58%
Magic:  25/26      EV: 11    Int: 41    God:    Sif Muna [*.....]
Gold:   426        SH:  0    Dex: 11    Spells: 12/31 levels left

rFire   x . .        c - +1 short sword (drain)
rCold   . . .        (no shield)
rNeg    . . .        a - +0 robe
rPois   +            g - +0 helmet
rElec   +            (no cloak)
rCorr   .            l - +2 pair of gloves of Sophism {rF- Int+3 Slay+2}
SInv    +            v - +0 pair of boots
Will    .....        f - amulet of regeneration
Stlth   ++           t - ring "Bach" {Int+7 Dex-4 SInv}
HPRegen 1.07/turn    r - ring of Wiptiur {+Blink rElec rPois Int+6}
MPRegen 0.20/turn

%: no passive effects
@: no status effects
A: no striking features
a: Renounce Religion, Evoke Blink, Channel Magic


You were on level 7 of the Dungeon.
You worshipped Sif Muna.
Sif Muna was aware of your devotion.
You visited 2 branches of the dungeon, and saw 8 of its levels.

You collected 426 gold pieces.

Inventory:

Hand Weapons
 c - a +1 short sword of draining (weapon)
Armour
 a - a +0 robe (worn)
 g - a +0 helmet (worn)
 l - the +2 pair of gloves of Sophism (worn) {rF- Int+3 Slay+2}
   (You acquired it on level 2 of the Dungeon)

   Int+3:     It affects your intelligence (+3).
   Slay+2:    It affects your accuracy & damage with ranged weapons and melee
   (+2).
   rF-:       It makes you vulnerable to fire.
 v - a +0 pair of boots (worn)
Jewellery
 d - an amulet of the acrobat
 f - an amulet of regeneration (around neck)
 j - a ring of protection from cold
 r - the ring of Wiptiur (right hand) {+Blink rElec rPois Int+6}
   (You took it off a goblin on level 4 of the Dungeon)

   [ring of intelligence]

   Int+6:     It affects your intelligence (+6).
   rElec:     It insulates you from electricity.
   rPois:     It protects you from poison.
   +Blink:    It lets you blink.
 t - the ring "Bach" (left hand) {Int+7 Dex-4 SInv}
   (You found it on level 4 of the Dungeon)

   [ring of see invisible]

   Int+7:     It affects your intelligence (+7).
   Dex-4:     It affects your dexterity (-4).
   SInv:      It lets you see invisible.
 w - a +6 ring of intelligence
Talismans
 k - a dragon-blood talisman
Wands
 n - a wand of flame (7)
Scrolls
 p - 4 scrolls of immolation
 q - 4 scrolls of teleportation
 x - a scroll of torment
 y - a scroll of poison {unknown}
 C - a scroll of butterflies
 D - a scroll of enchant armour {unknown}
Potions
 b - 2 potions of magic
 e - 4 potions of curing
 h - 2 potions of haste
 i - 2 potions of invisibility {unknown}
 m - 2 potions of berserk rage {unknown}
 o - a potion of cancellation {unknown}
 s - 4 potions of lignification {unknown}
 u - 2 potions of resistance {unknown}
 z - a potion of might {unknown}
 A - a potion of mutation {unknown}
 B - a potion of brilliance {unknown}


   Skills:
 + Level 3.3 Dodging
 + Level 3.3 Stealth
 + Level 11.8 Spellcasting
 + Level 5.1 Conjurations
 + Level 10.0 Fire Magic


You had 12 spell levels left.
You knew the following spells:

 Your Spells              Type           Power      Damage    Failure   Level
a - Foxfire               Conj/Fire      100%       2x1d9     1%          1
b - Scorch                Fire           100%       2d9       1%          2
c - Flame Wave            Conj/Fire      72%        2d16      1%          4
d - Starburst             Conj/Fire      36%        6d11      10%         6
e - Plasma Beam           Fire/Air       30%        2x1d43    26%         6

Your spell library contained the following spells:

 Spells                   Type           Power      Damage    Failure   Level
 Freeze                   Ice            96%        1d10      1%          1
 Hailstorm                Conj/Ice       45%        3d10      1%          3
 Inner Flame              Hex/Fire       60%        N/A       1%          3
 Volatile Blastmotes      Fire/Tloc      100%       2d18      1%          3
 Call Canine Familiar     Summ           24%        N/A       4%          3
 Frozen Ramparts          Ice            48%        1d8       4%          3
 Sigil of Binding         Hex            24%        N/A       4%          3
 Dimensional Bullseye     Hex/Tloc       12%        N/A       14%         4
 Summon Cactus Giant      Summ           12%        N/A       91%         6


Dungeon Overview and Level Annotations

Branches:
Dungeon (7/15)             Temple (1/1) D:5

Altars:
Ashenzari
Cheibriados
Dithmenos
Elyvilon
Gozag
Hepliaklqana
Kikubaaqudgha
Nemelex Xobeh
Okawaru
Ru
Sif Muna
Trog
Vehumet
Wu Jian
Yredelemnul
Zin
The Shining One


Message History

You conjure some foxfire!
Casting: Foxfire (safe; 1% risk of failure)
Confirm with . or Enter, or press ? or * to list all spells.
You conjure some foxfire!
The foxfire hits the vampire but does no damage. x2
Casting: Foxfire (safe; 1% risk of failure)
Confirm with . or Enter, or press ? or * to list all spells.
Flames lash the vampire but do no damage.
You hear an angry hiss.
You hear a horrible gurgling sound!
You hear a shout! x2
The foxfire hits the vampire but does no damage. x2
The boulder beetle curls into a ball and begins rolling!
Unknown command.
The vampire closely misses you. The vampire barely misses you.
There is an open door here.
The boulder beetle stops rolling and uncurls.
The vampire gestures at you while chanting.
You resist with some effort.
The vampire gestures at you while chanting.
You are confused.
You bump into the tree.
You bump into the tree.
The boulder beetle leaps!
You're too confused to cast spells.
Okay, then.
Unknown command.
You feel better. The vampire misses you.
The vampire bites you but does no damage.
Unknown command.
The boulder beetle bites you! The vampire attacks as it pursues you!
The vampire hits you with a +0 club. The vampire bites you.
The vampire draws strength from your injuries!
The boulder beetle attacks as it pursues you!
The boulder beetle bites you but does no damage.
The boulder beetle attacks as it pursues you!
The boulder beetle bites you!!
* * * LOW HITPOINT WARNING * * *
Casting: Scorch (safe; 1% risk of failure)
Confirm with . or Enter, or press ? or * to list all spells.
You conjure some foxfire!
The boulder beetle bites you!
You die...

#.######## ######♣.♣######
#........##♣...♣♣...♣♣...♣#
########.##.♣♣♣..♣♣♣..♣♣♣.#
#.##.♣ ♣..♣ ♣..♣ ♣.#
#..#.♣♣♣..♣♣♣..♣♣♣.#
##.#♣...♣♣...♣♣...♣#
#÷########V#########
#(.÷...)vB.........#
#..)....@v.........#
####################


You could see a boulder beetle (ally target) and a vampire.

Vanquished Creatures
  A hornet (D:4)
  A yak (D:7)
  Menkaure (D:6)
  A water moccasin (D:7)
  5 sky beasts (D:7)
  A black bear (D:5)
  3 ogres (D:4)
  3 ice beasts (D:7)
  A centaur (D:7)
  3 phantoms
  Blork the orc (D:6)
  A kobold brigand (D:7)
  2 scorpions
  4 wights (D:7)
  2 hounds
  2 jellies (D:7)
  3 bombardier beetles
  A gnoll bouda (D:5)
  A sleepcap (D:4)
  Ijyb (D:4)
  5 iguanas
  An orc wizard (D:4)
  7 adders
  4 gnolls
  A shadow imp (D:5)
  A white imp (D:7)
  6 ufetubi
  3 dart slugs
  A ribbon worm (D:3)
  9 orcs
  9 endoplasms
  3 giant cockroaches
  6 hobgoblins
  2 jackals (D:5)
  7 ball pythons
  5 bats
  3 frilled lizards
  3 goblins
  14 kobolds
  4 rats
132 creatures vanquished.

Vanquished Creatures (others)
  450 foxfires
450 creatures vanquished.

Grand Total: 582 creatures vanquished

Notes
Turn   | Place    | Note
-------+----------+-------------------------------------------
     0 | D:1      | funkygono the Deep Elf Fire Elementalist began the quest
                  | for the Orb.
     0 | D:1      | Reached XP level 1. HP: 10/10 MP: 6/6
   533 | D:1      | Reached XP level 2. HP: 15/15 MP: 4/8
   536 | D:1      | Learned a level 2 spell: Scorch
   797 | D:1      | Found a faded altar of an unknown god.
  1405 | D:2      | Reached XP level 3. HP: 9/19 MP: 0/10
  2329 | D:2      | Identified a scroll of acquirement
  2329 | D:2      | Acquired the +2 pair of gloves of Sophism {rF- Int+3
                  | Slay+2}
  2497 | D:3      | Found a basalt altar of Yredelemnul.
  2501 | D:3      | Found an iron altar of Okawaru.
  2503 | D:3      | Found a radiant altar of Vehumet.
  2503 | D:3      | Found a glowing silver altar of Zin.
  2507 | D:3      | Reached skill level 4 in Spellcasting
  3525 | D:4      | Noticed Ijyb
  3531 | D:4      | Killed Ijyb
  3532 | D:4      | Reached XP level 4. HP: 17/24 MP: 1/12
  3537 | D:4      | Learned a level 4 spell: Flame Wave
  3577 | D:4      | Noticed an ogre
  3583 | D:4      | Killed an ogre
  3584 | D:4      | Reached skill level 5 in Spellcasting
  3584 | D:4      | Reached XP level 5. HP: 28/28 MP: 1/14
  3767 | D:4      | Reached skill level 5 in Fire Magic
  3827 | D:4      | Identified the +3 sling "Xativuic" {heavy, rPois}
  3827 | D:4      | Identified the ring of Wiptiur {+Blink rElec rPois Int+6}
  3856 | D:4      | Reached XP level 6. HP: 32/32 MP: 0/16
  3983 | D:4      | Noticed a hornet
  3990 | D:4      | Killed a hornet
  3991 | D:4      | Reached skill level 6 in Spellcasting
  3998 | D:4      | Reached XP level 7. HP: 36/36 MP: 4/19
  4131 | D:4      | Reached skill level 7 in Spellcasting
  4635 | D:4      | Reached skill level 8 in Spellcasting
  4685 | D:4      | Identified the ring "Bach" {Int+7 Dex-4 SInv}
  4886 | D:5      | Entered Level 5 of the Dungeon
  4899 | D:5      | Learned a level 6 spell: Starburst
  5368 | D:5      | Found a staircase to the Ecumenical Temple.
  5374 | D:5      | Reached XP level 8. HP: 41/41 MP: 16/22
  5379 | Temple   | Entered the Ecumenical Temple
  5388 | Temple   | Became a worshipper of Sif Muna the Loreminder
  5661 | D:5      | Learned a level 6 spell: Plasma Beam
  5721 | D:5      | Found a white marble altar of Elyvilon.
  6069 | D:6      | Noticed Blork the orc
  6073 | D:6      | Killed Blork the orc
  6183 | D:6      | Reached skill level 9 in Spellcasting
  6340 | D:6      | You fall into a shaft and drop 1 floor!
  6460 | D:7      | Reached skill level 10 in Spellcasting
  6696 | D:6      | Noticed Menkaure
  6701 | D:6      | Killed Menkaure
  6702 | D:6      | Reached XP level 9. HP: 26/45 MP: 19/25
  7123 | D:7      | Reached * piety under Sif Muna
  7403 | D:7      | Reached skill level 11 in Spellcasting
  7545 | D:7      | Reached skill level 5 in Conjurations
  7668 | D:7      | Reached skill level 10 in Fire Magic
  7747 | D:7      | Noticed a boulder beetle
  7802 | D:7      | Slain by a boulder beetle

Illustrated notes

Levels and vault maps discovered:
D:1:      dpeg_arrival_arbitrary_a, layout_basic,
          shapermc_ecumenical_altar_mp_highgroup
D:2:      layout_loops_ring, skrybe_limestone_x, hangedman_decor_diamond_cutter,
          kennysheep_crisscross
D:3:      layout_basic, grunt_temple_overflow_open
D:4:      layout_loops_ring, uniq_ijyb
D:5:      layout_basic, kennysheep_mini_moat, minmay_temple_entry_purple_smoke
D:6:      layout_cave_pools, uniq_blork_the_orc, uniq_menkaure
D:7:      nzn_winding_woodlands_stair_cross [nzn_winding_woodlands_5x15_zeroes,
          nzn_winding_woodlands_center_garden,
          nzn_winding_woodlands_5x15_pockets, nzn_winding_woodlands_5x5_cross,
          nzn_winding_woodlands_5x5_default,
          nzn_winding_woodlands_5x15_pathside_ponds,
          nzn_winding_woodlands_center_pierced_h,
          nzn_winding_woodlands_5x15_lazy_stream], layout_basic,
          lemuel_coloured_pillars_altar
Temple:   hellmonk_temple_two_chambers

Skill      XL: |  1  2  3  4  5  6  7  8  9 |
---------------+----------------------------+-----
Fire Magic     | 4 5 6 7 9 10 | 10.0
Spellcasting   | 4 5 6 8 10 11 | 11.8
Conjurations   | 2 3 4 5 |  5.1
Stealth        | 3 |  3.3
Dodging        | 3 |  3.3

Action                     |  1- 3 |  4- 6 |  7- 9 || total
---------------------------+-------+-------+-------++-------
  Melee: Short sword       |     2 |       |       ||     2
   Cast: Foxfire           |    76 |    33 |   157 ||   266
         Scorch            |    19 |     6 |    61 ||    86
         Flame Wave        |       |       |     2 ||     2
    Use: Scroll            |     6 |       |     4 ||    10
         Potion            |       |       |     1 ||     1
 Armour: Robe              |    14 |     1 |    19 ||    34
  Dodge: Dodged            |    14 |     1 |    24 ||    39

Table legend: (Time is in decaauts)
 A = Elapsed time spent in this place.
 B = Non-inter-level travel time spent in this place.
 C = Inter-level travel time spent in this place.
 D = Time resting spent in this place.
 E = Time spent auto-exploring this place.
 F = Levels seen in this place.
 G = Mean time per level.
                   A        B        C        D        E       F      G
               +--------+--------+--------+--------+--------+-----+--------+
         Total |   7799 |   7551 |    248 |      0 |   6688 |   8 |  974.9 |
       Dungeon |   7780 |   7541 |    239 |      0 |   6688 |   7 | 1111.4 |
        Temple |     18 |      9 |      9 |      0 |      0 |   1 |   18.0 |
               +--------+--------+--------+--------+--------+-----+--------+

Top non-repeatable levels by time:
     D:1: 1380 daAuts
     D:4: 1360 daAuts
     D:7: 1202 daAuts
     D:3: 1133 daAuts
     D:5: 1084 daAuts
     D:2: 1009 daAuts
     D:6: 609 daAuts
  Temple: 18 daAuts
